 Dungeon Crawl Stone Soup version 0.29-a0-529-gfa20dd96a1 (webtiles) character file.

Game seed: 7186677401704186268

801 dolemite99 the Cruncher (level 7, -1/50 HPs)
             Began as a Demonspawn Gladiator on June 2, 2022.
             Slain by an orc warrior
             ... wielding a +0 hand axe
              (10 damage)
             ... on level 6 of the Dungeon.
             The game lasted 00:05:21 (5557 turns).

dolemite99 the Cruncher (Demonspawn Gladiator)      Turns: 5557, Time: 00:05:21

Health: -1/50      AC: 12    Str: 17    XL:     7   Next: 59%
Magic:  7/7        EV: 11    Int:  9    God:
Gold:   288        SH:  0    Dex: 14    Spells: 6/6 levels left

rFire   . . .      SeeInvis .   a - +0 quarterstaff
rCold   . . .      Faith    .   (shield currently unavailable)
rNeg    . . .      Spirit   .   x - +1 chain mail
rPois   .          Reflect  .   c - +0 helmet
rElec   .          Harm     .   (no cloak)
rCorr   .          Rampage  .   (no gloves)
Will    .....                   (no boots)
Stlth   ..........              (no amulet)
HPRegen 0.16/turn               k - +4 ring of evasion
MPRegen 0.10/turn               (no ring)

@: hasted, very quick
A: icy blue scales 1, powered by death 3, demonic touch 1
a: no special abilities


You were on level 6 of the Dungeon.
You visited 1 branch of the dungeon, and saw 6 of its levels.

You collected 288 gold pieces.

Inventory:

Hand Weapons
 a - a +0 quarterstaff (weapon)
 b - a +1 vorpal hunting sling
 r - a +0 hunting sling
Missiles
 d - 2 throwing nets (quivered)
 e - a javelin
 n - 137 stones
Armour
 c - a +0 helmet (worn)
 x - a +1 chain mail (worn)
Jewellery
 k - a +4 ring of evasion (left hand)
Wands
 l - a wand of flame (19)
Scrolls
 g - 3 scrolls of teleportation
 t - a scroll of poison
 w - a scroll of summoning
 y - a scroll of noise
Potions
 f - a potion of haste
 h - a potion of resistance
 i - a potion of brilliance {unknown}
 j - a potion of attraction {unknown}
 s - a potion of flight {unknown}
 u - a potion of invisibility {unknown}
 z - 2 potions of magic {unknown}


   Skills:
 - Level 2.0 Fighting
 + Level 8.3 Staves
 - Level 1.7 Throwing
 - Level 2.6 Dodging


You had 6 spell levels left.
You didn't know any spells.
Your spell library contained the following spells:

 Spells                   Type           Power      Damage    Failure   Level
 Apportation              Tloc           0%         N/A       100%        1
 Necrotize                Necr           0%         1d4       100%        1
 Summon Small Mammal      Summ           0%         N/A       100%        1
 Sublimation of Blood     Necr           0%         N/A       100%        2
 Wereblood                Tmut           0%         N/A       100%        2
 Animate Dead             Necr           0%         N/A       100%        4
 Borgnjor's Vile Clutch   Necr/Erth      0%         N/A       100%        5
 Death Channel            Necr           0%         N/A       100%        6
 Summon Hydra             Summ           0%         N/A       100%        7


Dungeon Overview and Level Annotations

Branches:
Dungeon (6/15)
 Temple: D:4-7

Altars:
Makhleb
Trog

Shops:
D:2 (   D:6 !=


Innate Abilities, Weirdness & Mutations

You are partially covered in icy blue scales. (AC +2)
You regenerate a lot of health from kills.
Your touch may inflict minor irresistible damage on your foes.


Message History

The orc warrior hits you with a +0 hand axe.
You feel better. The orc warrior barely misses you.
You barely miss the orc warrior.
The orc warrior is lightly wounded.
The orc warrior closely misses you.
You closely miss the orc warrior.
The orc warrior is lightly wounded.
You hit the orc warrior.
The orc warrior is heavily wounded.
The orc priest calls down the wrath of Beogh upon you.
Beogh smites you! The orc warrior closely misses you.
You hit the orc warrior.
The orc warrior is heavily wounded.
You closely miss the orc warrior.
The orc warrior is heavily wounded.
The orc warrior closely misses you.
You hit the orc warrior.
The orc warrior is severely wounded.
You hit the orc warrior but do no damage.
The orc warrior is severely wounded.
The orc warrior hits you with a +0 hand axe.
You barely miss the orc warrior.
The orc warrior is severely wounded.
The orc warrior closely misses you.
You hit the orc warrior but do no damage.
The orc warrior is severely wounded.
You hit the orc warrior.
The orc warrior is almost dead.
The orc warrior hits you with a +0 hand axe.
* * * LOW HITPOINT WARNING * * *
You hit the orc warrior but do no damage.
The orc warrior is almost dead.
You closely miss the orc warrior.
The orc warrior is almost dead.
The orc warrior hits you with a +0 hand axe.
* * * LOW HITPOINT WARNING * * *
You barely miss the orc warrior.
The orc warrior is almost dead.
The orc warrior hits you with a +0 hand axe!
You die...

#.##
.#####..########.
#.................
#########.###.....
#.# ... #o# . ### #o#
#.. #o# #.. #@# #..
####'## #.. #.....#
#.. #.....# #..
#.....#############..
#....................
#......##############
#......#.....†.......
#......#.#.##########


You could see an orc warrior and 2 orc priests.

Vanquished Creatures
  2 black bears (D:4)
  2 bullfrogs (D:4)
  3 necrophages
  A scorpion (D:4)
  2 howler monkeys
  A hound (D:5)
  2 iguanas
  3 adders
  2 worms
  2 dart slugs
  An orc (D:6)
  7 bats
  7 endoplasms
  A giant cockroach (D:2)
  5 goblins
  8 hobgoblins
  2 jackals (D:4)
  7 kobolds
  2 quokkas
  9 ball pythons
  5 frilled lizards
  8 rats
82 creatures vanquished.

Notes
Turn   | Place    | Note
-------+----------+-------------------------------------------
     0 | D:1      | dolemite99 the Demonspawn Gladiator began the quest for the
                  | Orb.
     0 | D:1      | Reached XP level 1. HP: 16/16 MP: 1/1
   358 | D:1      | Reached skill level 3 in Staves
   425 | D:1      | Gained mutation: Your touch may inflict minor irresistible
                  | damage on your foes. [demonic ancestry]
   425 | D:1      | Reached XP level 2. HP: 18/22 MP: 2/2
  1485 | D:1      | Gained mutation: You regenerate a little health from kills.
                  | [demonic ancestry]
  1485 | D:1      | Reached XP level 3. HP: 26/27 MP: 3/3
  1648 | D:2      | Found Ruskynk's Weapon Boutique.
  1652 | D:2      | Reached skill level 4 in Staves
  1916 | D:2      | Found a burning altar of Makhleb.
  2453 | D:3      | Found a bloodstained altar of Trog.
  2756 | D:3      | Gained mutation: You regenerate health from kills. [demonic
                  | ancestry]
  2756 | D:3      | Reached XP level 4. HP: 32/33 MP: 4/4
  2865 | D:4      | Noticed a black bear
  2878 | D:4      | Killed a black bear
  2879 | D:4      | Reached skill level 5 in Staves
  2879 | D:4      | Gained mutation: You regenerate a lot of health from kills.
                  | [demonic ancestry]
  2879 | D:4      | Reached XP level 5. HP: 28/38 MP: 5/5
  3166 | D:4      | Reached skill level 6 in Staves
  3166 | D:4      | Gained mutation: You are partially covered in icy blue
                  | scales. (AC +2) [demonic ancestry]
  3166 | D:4      | Reached XP level 6. HP: 26/44 MP: 6/6
  4035 | D:4      | Reached skill level 7 in Staves
  4846 | D:5      | Entered Level 5 of the Dungeon
  5044 | D:5      | Reached XP level 7. HP: 39/50 MP: 7/7
  5286 | D:5      | Reached skill level 8 in Staves
  5404 | D:6      | Found Ifoesauf's Jewellery Emporium.
  5522 | D:6      | Found Ijetig's Distillery.
  5557 | D:6      | Slain by an orc warrior

Illustrated notes

Levels and vault maps discovered:
D:1:      onia_arrival_handbag, layout_basic, minmay_misc_feat_chi
D:2:      layout_loops_ring, basic_altar, serial_shops, shop, serial_park_tiny_1
D:3:      layout_rooms, bloody_trog
D:4:      layout_loops_ring, nicolae_figureground_pulse
D:5:      layout_cave_pools
D:6:      layout_basic, jmf_multi_god_temple2, temple_green, serial_shops,
          nicolae_shop_statue_plus, nicolae_shop_hallway_stairs,
          nicolae_stop_n_shop_2, shop, nicolae_square_shop, uniq_duvessa,
          uniq_crazy_yiuf_cottage

Skill      XL: |  1  2  3  4  5  6  7 |
---------------+----------------------+-----
Staves         | 3 4 5 6 7 8 |  8.3
Fighting       | |  2.0
Throwing       | |  1.7
Dodging        | |  2.6

Action                   |  1- 3 |  4- 6 |  7- 9 || total
-------------------------+-------+-------+-------++-------
Melee: Quarterstaff      |    66 |    68 |    55 ||   189
 Fire: Hunting sling     |    98 |    43 |    10 ||   151
Throw: Throwing net      |       |     1 |       ||     1
  Use: Scroll            |     1 |    10 |       ||    11
       Potion            |     1 |       |     2 ||     3
 Stab: Sleeping          |     1 |       |       ||     1
       Held in net/web   |       |     1 |       ||     1
Armor: Leather armour    |    31 |       |       ||    31
       Chain mail        |     4 |    76 |    25 ||   105
Dodge: Dodged            |    82 |    61 |    22 ||   165

Table legend: (Time is in decaauts)
 A = Elapsed time spent in this place.
 B = Non-inter-level travel time spent in this place.
 C = Inter-level travel time spent in this place.
 D = Time resting spent in this place.
 E = Time spent auto-exploring this place.
 F = Levels seen in this place.
 G = Mean time per level.
                   A        B        C        D        E       F      G
               +--------+--------+--------+--------+--------+-----+--------+
         Total |   5614 |   5496 |    118 |   2276 |   2302 |   6 |  935.7 |
       Dungeon |   5614 |   5496 |    118 |   2276 |   2302 |   6 |  935.7 |
               +--------+--------+--------+--------+--------+-----+--------+

Top non-repeatable levels by time:
     D:4: 2050 daAuts
     D:1: 1538 daAuts
     D:2: 835 daAuts
     D:5: 538 daAuts
     D:3: 488 daAuts
     D:6: 164 daAuts
